 Dungeon Crawl Stone Soup version 0.29.1-15-g9cfb28693d (webtiles) character file.

Game seed: 16172841122521487159

959 jtron the Cleaver (level 8, 0/54 (69) HPs)
             Began as a Hill Orc Fighter on Feb 26, 2023.
             Slain by a wight
             ... wielding a +0 trident
              (10 damage)
             ... on level 6 of the Dungeon.
             The game lasted 00:08:27 (4673 turns).

jtron the Cleaver (Hill Orc Fighter)                Turns: 4673, Time: 00:08:27

HP:   0/54 (69)     AC:  7    Str: 19    XL:     8   Next: 14%
MP:   8/8           EV:  9    Int: 14    God:
Gold: 346           SH:  5    Dex: 12    Spells: 7/7 levels left

rFire   . . .      SeeInvis .   a - +0 war axe
rCold   . . .      Faith    .   c - +0 buckler
rNeg    . . .      Spirit   .   o - +0 scale mail
rPois   .          Reflect  .   (no helmet)
rElec   .          Harm     .   (no cloak)
rCorr   .          Rampage  .   (no gloves)
Will    .....                   (no boots)
Stlth   ..........              (no amulet)
HPRegen 0.18/turn               w - +6 ring of intelligence
MPRegen 0.11/turn               (no ring)

@: weak-willed, heavily drained
A: no striking features
a: no special abilities


You were on level 6 of the Dungeon.
You visited 1 branch of the dungeon, and saw 6 of its levels.

You collected 346 gold pieces.

Inventory:

Hand Weapons
 a - a +0 war axe (weapon)
 b - a +0 sling
Missiles
 e - 48 stones (quivered)
Armour
 c - a +0 buckler (worn)
 o - a +0 scale mail (worn)
 y - a scarf of invisibility
Jewellery
 q - a +4 ring of evasion
 w - a +6 ring of intelligence (left hand)
 x - a ring of ice
Wands
 n - a wand of flame (19)
Scrolls
 h - a scroll of brand weapon {unknown}
 k - 2 scrolls of immolation {unknown}
 l - a scroll of blinking
 p - a scroll of teleportation {unknown}
 s - a scroll of fear {unknown}
 t - a scroll of silence {unknown}
 u - a scroll of vulnerability
 z - a scroll of poison
Potions
 d - 3 potions of might
 f - a potion of berserk rage {unknown}
 i - 2 potions of magic
 j - a potion of heal wounds
 m - 3 potions of flight
 r - a potion of brilliance {unknown}
 v - a potion of mutation {unknown}
 A - 2 potions of attraction {unknown}


   Skills:
 + Level 5.6 Fighting
 + Level 8.7 Axes
 + Level 1.3 Ranged Weapons
 + Level 5.8 Armour
 + Level 4.3 Shields
 + Level 0.2 Evocations


You had 7 spell levels left.
You didn't know any spells.
Your spell library contained the following spells:

 Spells                   Type           Power      Damage    Failure   Level
 Confusing Touch          Hex            0%         N/A       97%         3
 Ignite Poison            Fire/Tmut/Pois 0%         N/A       97%         3
 Mephitic Cloud           Conj/Pois/Air  0%         N/A       97%         3
 Stone Arrow              Conj/Erth      0%         3d7       97%         3
 Animate Armour           Summ/Erth      0%         N/A       100%        4
 Freezing Cloud           Conj/Ice/Air   0%         6-21      100%        5
 Yara's Violent Unravell  Hex/Tmut       0%         3d3       100%        5
 Enfeeble                 Hex            0%         N/A       100%        7
 Lehudib's Crystal Spear  Conj/Erth      0%         10d2      100%        8


Dungeon Overview and Level Annotations

Branches:
Dungeon (6/15)
 Temple: D:4-7

Altars:
Xom
Yredelemnul

Shops:
D:4 !


Message History

You hit the wight but do no damage.
The wight is severely damaged.
The wight barely misses you. The wight hits you with a +4 mace.
You are too injured to fight recklessly!
You feel much better. The wight hits you but does no damage.
The wight closely misses you.
You barely miss the wight.
The wight is severely damaged.
You block the wight's attack. The wight hits you with a +4 mace!
You feel drained.
You hit the wight but do no damage.
The wight is severely damaged.
The wight hits you from afar with a +0 trident.
You feel drained. You block the wight's attack.
You hit the wight.
The wight is almost destroyed.
The wight hits you from afar with a +0 trident!
You feel drained. The wight hits you with a +4 mace.
You block the wight's attack. The wight closely misses you.
As you read the scroll labelled MIG QAP CIUR, it crumbles to dust.
Magic quickly surges around you.
It was a scroll of vulnerability.
The wight closely misses you. The wight hits you with a +4 mace.
You feel drained.
The air fills with toxic fumes!
As you read the scroll labelled LUODAFF FAEC, it crumbles to dust.
It was a scroll of poison.
The wight barely misses you. The wight completely misses you.
You slash the wight!
You destroy the wight!
The wight closely misses you.
Really walk into that cloud of poison gas?
Okay, then.
You hit the wight but do no damage. The wight hits you but does no damage.
The wight barely misses you.
You hit the wight.
The wight is lightly damaged.
The wight hits you with a +0 hand axe!
* * * LOW HITPOINT WARNING * * *
The wight hits you from afar with a +0 trident!
You die... ###### #§§§§# #§§§§# #§§§§ zz.

##### #z#
.#..############@#
.#............#§§#
.'............#§§#
.#............§§§#
.#...........§#§§#
.##..######.####+#
###..######.#
.......#....#
.......#....#


You could see 3 wights.

Vanquished Creatures
  A water moccasin (D:4)
  An ice beast (D:4)
  An ogre (D:4)
  A phantom (D:5)
  A scorpion (D:5)
  2 wights (D:6)
  A vampire bat (D:4)
  The ghost of hawla the Chiller, a weakling MeIE (D:4)
  A bullfrog zombie (D:4)
  2 hounds
  A centaur skeleton (D:4)
  A gnoll bouda (D:4)
  An iguana (D:5)
  Terence (D:2)
  3 gnolls (D:4)
  6 adders
  A shadow imp (D:5)
  A white imp (D:3)
  A worm (D:3)
  9 orcs (D:5)
  4 ball pythons
  3 endoplasms
  2 giant cockroaches (D:1)
  4 goblins
  4 hobgoblins
  A jackal (D:2)
  2 quokkas
  12 bats
  3 frilled lizards
  7 kobolds
  2 rats (D:1)
81 creatures vanquished.

Notes
Turn   | Place    | Note
-------+----------+-------------------------------------------
     0 | D:1      | jtron the Hill Orc Fighter began the quest for the Orb.
     0 | D:1      | Reached XP level 1. HP: 19/19 MP: 1/1
   302 | D:1      | Reached XP level 2. HP: 27/27 MP: 2/2
   593 | D:1      | Found a faded altar of an unknown god.
   723 | D:1      | Reached skill level 3 in Axes
   978 | D:2      | Reached XP level 3. HP: 33/33 MP: 3/3
  1207 | D:2      | Noticed Terence
  1217 | D:2      | Killed Terence
  1218 | D:2      | Reached XP level 4. HP: 27/40 MP: 4/4
  1547 | D:3      | Reached skill level 4 in Axes
  2203 | D:4      | Reached XP level 5. HP: 46/46 MP: 5/5
  2219 | D:4      | Reached skill level 5 in Axes
  2378 | D:4      | Reached XP level 6. HP: 22/53 MP: 6/6
  2606 | D:4      | Found a transporter.
  2608 | D:4      | Noticed hawla's ghost (weakling MeIE)
  2609 | D:4      | Found a transporter.
  2622 | D:4      | Found Odiveaff's Distillery.
  2645 | D:4      | Reached skill level 6 in Axes
  2743 | D:4      | Noticed an ice beast
  2758 | D:4      | Killed an ice beast
  2759 | D:4      | Reached skill level 5 in Armour
  2942 | D:4      | Reached skill level 1 in Ranged Weapons
  3156 | D:4      | Noticed a water moccasin
  3168 | D:4      | Killed a water moccasin
  3169 | D:4      | Reached skill level 5 in Fighting
  3169 | D:4      | Reached skill level 7 in Axes
  3169 | D:4      | Reached XP level 7. HP: 32/61 MP: 7/7
  3370 | D:4      | Found a basalt altar of Yredelemnul.
  3370 | D:4      | Found a shimmering altar of Xom.
  3413 | D:4      | Killed hawla's ghost
  3505 | D:5      | Entered Level 5 of the Dungeon
  3946 | D:5      | Reached skill level 8 in Axes
  3950 | D:5      | Reached XP level 8. HP: 63/69 MP: 8/8
  4673 | D:6      | Slain by a wight

Illustrated notes

Levels and vault maps discovered:
D:1:      dpeg_arrival_pits, layout_loops_corners,
          shapermc_ecumenical_altar_petra, minmay_misc_feat_columns
D:2:      layout_basic, serial_bayou_pond_b, uniq_terence
D:3:      layout_rooms
D:4:      layout_cave_pools, gammafunk_temple_overflow_wave,
          gammafunk_ghost_mausoleum, serial_shops, nicolae_stop_n_shop_1,
          roderic_batcave, minmay_splitting_lines, kennysheep_generic_room_7
D:5:      layout_basic, grunt_decor_arrowhead
D:6:      layout_gridville, slow_altar_1, minmay_temple_entry_arrows,
          uniq_blork_the_orc

Skill      XL: |  1  2  3  4  5  6  7 |
---------------+----------------------+-----
Axes           | 3 4 5 7 8 |  8.7
Fighting       | 4 5 |  5.6
Armour         | 4 5 |  5.8
Shields        | 4 |  4.3
Ranged Weapons | 1 |  1.3
Evocations     | |  0.2

Action                   |  1- 3 |  4- 6 |  7- 9 || total
-------------------------+-------+-------+-------++-------
Melee: War axe           |    65 |   126 |    86 ||   277
 Fire: Sling             |     4 |     3 |       ||     7
Throw: Stone             |       |     2 |       ||     2
Evoke: Wand              |       |     2 |       ||     2
  Use: Scroll            |       |     4 |     4 ||     8
       Potion            |       |     4 |     4 ||     8
Armor: Scale mail        |    30 |    76 |    38 ||   144
Dodge: Dodged            |    39 |    75 |    40 ||   154
Block: Buckler           |    12 |    24 |    18 ||    54
